 Dungeon Crawl Stone Soup version 0.31.0-11-ge490571c62 (webtiles) character file.

Game seed: 1195979942183508735

786 Persephone the Skirmisher (level 7, -32/52 HPs)
             Began as a Barachi Hunter on Jan 30, 2024.
             Was a Follower of Cheibriados.
             Killed by an exploding butterfly (39 damage)
             ... ignited by their inner flame
             ... on level 5 of the Dungeon.
             The game lasted 00:07:25 (4269 turns).

Persephone the Skirmisher (Barachi Hunter)          Turns: 4269, Time: 00:07:25

Health: -32/52     AC:  6    Str: 15    XL:     7   Next: 87%
Magic:  7/7        EV: 13    Int: 13    God:    Cheibriados [*.....]
Gold:   207        SH:  0    Dex: 26    Spells: 6/6 levels left

rFire   . . .        C - +0 orcbow
rCold   . . .        (shield currently unavailable)
rNeg    . . .        c - +0 leather armour
rPois   .            (no helmet)
rElec   .            (no cloak)
rCorr   .            B - +1 Delatra's gloves {ID++}
SInv    .            v - +0 pair of boots
Will    .....        (no amulet)
Stlth   ++           n - +6 ring of dexterity
HPRegen 0.28/turn    (no ring)
MPRegen 0.10/turn

%: no passive effects
@: about to teleport, unable to hop, very slow
A: amphibious, slowness 1, strong legs 1, +LOS
a: Hop, Renounce Religion, Bend Time


You were on level 5 of the Dungeon.
You worshipped Cheibriados.
Cheibriados was aware of your devotion.
You visited 1 branch of the dungeon, and saw 5 of its levels.

You collected 207 gold pieces.

Inventory:

Hand Weapons
 a - a +0 shortbow
 C - a +0 orcbow (weapon)
Armour
 c - a +0 leather armour (worn)
 l - a +0 pair of gloves
 v - a +0 pair of boots (worn)
 B - the +1 Delatra's gloves (worn) {ID++}
   (You found it on level 4 of the Dungeon)

   ID++:      It heals its wearer when they drink unknown potions, and restores
   their MP when they read unknown scrolls.
Jewellery
 n - a +6 ring of dexterity (left hand)
 o - an amulet of magic regeneration
 s - a ring of see invisible
Wands
 u - a wand of paralysis (4)
Scrolls
 f - 2 scrolls of revelation
 i - 3 scrolls of enchant weapon
 k - 4 scrolls of teleportation
 q - 2 scrolls of enchant armour
 r - 2 scrolls of poison {unknown}
 w - a scroll of amnesia {unknown}
 y - a scroll of blinking {unknown}
 z - a scroll of silence {unknown}
 A - a scroll of identify
Potions
 d - 3 potions of heal wounds
 e - 3 potions of curing
 g - a potion of degeneration {unknown}
 h - 3 potions of brilliance {unknown}
 j - a potion of haste {unknown}
 m - a potion of berserk rage {unknown}
 t - a potion of ambrosia {unknown}
 x - a potion of might {unknown}


   Skills:
 - Level 3.0 Fighting
 + Level 9.1 Ranged Weapons
 - Level 2.7 Dodging
 - Level 1.6 Stealth


You had 6 spell levels left.
You didn't know any spells.
Your spell library contained the following spells:

 Spells                   Type           Power      Damage    Failure   Level
 Slow                     Hex            0%         N/A       36%         1
 Confusing Touch          Hex            0%         N/A       75%         3
 Hailstorm                Conj/Ice       0%         3d5       75%         3
 Sigil of Binding         Hex            0%         N/A       75%         3
 Summon Ice Beast         Ice/Summ       0%         N/A       75%         3
 Vampiric Draining        Necr           0%         2d6       75%         3
 Summon Blazeheart Golem  Fire/Summ      0%         N/A       98%         4
 Sculpt Simulacrum        Ice/Alch       0%         N/A       100%        6
 Orb of Destruction       Conj           0%         9d5       100%        7
 Spellforged Servitor     Conj/Summ      0%         N/A       100%        7


Dungeon Overview and Level Annotations

Branches:
Dungeon (5/15)             Temple (0/1) D:5

Altars:
Cheibriados
Dithmenos
Kikubaaqudgha
Nemelex Xobeh
Vehumet
Zin

Shops:
D:3 ?

Annotations:
D:3 exclusion: statue


Innate Abilities, Weirdness & Mutations

You are amphibious.
You cover ground slowly.
You can hop short distances.
You have an extended range of vision and can be seen from far away.


Message History

The scorpion misses your butterfly. The gnoll misses your butterfly.
The orc closely misses your butterfly.
The orc priest looks satisfied for a moment.
As you read the scroll of teleportation, it crumbles to dust.
You feel strangely unstable. The scorpion stings your butterfly!
Your butterfly dies!
Your butterfly disappears in a burst of colours!
The orc priest completely misses your butterfly.
An orc comes into view. It is wielding a +0 dagger.
The gnoll closely misses your butterfly.
The orc priest invokes the aid of Beogh against you.
Your butterfly writhes in agony.
Your butterfly dies!
Your butterfly disappears in a burst of colours!
The scorpion closely misses your butterfly.
The orc priest misses your butterfly. The orc barely misses your butterfly.
The scorpion stings your butterfly.
Your butterfly dies!
Your butterfly disappears in a burst of colours!
Something closely misses your butterfly.
The gnoll barely misses your butterfly.
As you read the scroll of immolation, it crumbles to dust.
The creatures around you are filled with an inner flame!
The scorpion stings your butterfly!
Your butterfly disappears in a burst of colours!
Your butterfly explodes!
The fiery explosion engulfs the gnoll!!
Cheibriados appreciates the change of pace.
Cheibriados raises the support of your attributes as your movement slows.
The fiery explosion engulfs your butterfly!!
Your butterfly disappears in a burst of colours!
The fiery explosion engulfs the scorpion.
Flame seeps out of the scorpion.
The scorpion is lightly wounded.
The fiery explosion engulfs your butterfly!
Your butterfly disappears in a burst of colours!
Your butterfly explodes!
The fiery explosion engulfs you!!!
Ouch! That really hurt!
You die...

.........#...#.#..††...
.......b...............
####.##..###....(......
#.#.)..###..........
#.#.##.###........>.
#.#)##..b.........##
######.#.###bb......####
#...b..#)#b..b#.#####
#....b.#@§b#..#.o.
#....b.#§.bbb.o# ##
#...b..§§#####.# .
#..bbbb§s# ....
#....obb.# ....
#..bbbbb## ##.....
#...b.ob# ... .....
#...b...###.# ......>..
#...b..)))..#............


You could see a scorpion (inner flame, ally target), an orc priest (inner flame,
ally target) and 2 orcs.

Vanquished Creatures
  An orc warrior (D:5)
  A centaur (D:5)
  A jelly (D:5)
  3 hounds
  2 orc priests (D:5)
  A sleepcap (D:4)
  2 iguanas (D:5)
  An orc wizard (D:5)
  Natasha (thrice) (D:3)
  3 gnolls
  7 adders
  A white imp (D:5)
  8 dart slugs
  4 ribbon worms
  20 orcs
  6 bats
  6 endoplasms
  3 giant cockroaches
  7 goblins
  9 hobgoblins
  12 jackals
  6 kobolds
  3 quokkas (D:2)
  6 ball pythons
  5 frilled lizards
  10 rats
131 creatures vanquished.

Vanquished Creatures (others)
  A human (D:3)
1 creature vanquished.

Grand Total: 132 creatures vanquished

Notes
Turn   | Place    | Note
-------+----------+-------------------------------------------
     0 | D:1      | Persephone the Barachi Hunter began the quest for the Orb.
     0 | D:1      | Reached XP level 1. HP: 17/17 MP: 1/1
    14 | D:1      | Reached skill level 1 in Stealth
   135 | D:1      | Found a faded altar of an unknown god.
   141 | D:1      | Reached XP level 2. HP: 23/23 MP: 2/2
   272 | D:1      | Reached XP level 3. HP: 28/28 MP: 3/3
   978 | D:2      | Reached XP level 4. HP: 35/35 MP: 4/4
  1055 | D:2      | Found a sparkling altar of Nemelex Xobeh.
  1075 | D:2      | Reached skill level 5 in Ranged Weapons
  1905 | D:3      | Reached XP level 5. HP: 41/41 MP: 5/5
  1918 | D:3      | Found a glowing silver altar of Zin.
  1957 | D:3      | Found a shadowy altar of Dithmenos.
  2196 | D:3      | Noticed Natasha
  2211 | D:3      | Killed Natasha
  2212 | D:3      | Reached skill level 6 in Ranged Weapons
  2311 | D:3      | Found a radiant altar of Vehumet.
  2311 | D:3      | Noticed a charred statue
  2353 | D:3      | Found Xenei's Magic Scroll Boutique.
  2577 | D:3      | Found an ancient bone altar of Kikubaaqudgha.
  2577 | D:3      | Noticed a human
  2580 | D:3      | Killed a human
  2721 | D:3      | Noticed Natasha
  2728 | D:3      | Killed Natasha
  2729 | D:3      | Reached XP level 6. HP: 39/47 MP: 6/6
  2813 | D:3      | Noticed Natasha
  2823 | D:3      | Killed Natasha
  2975 | D:4      | Found a snail-covered altar of Cheibriados.
  3258 | D:4      | Found the +1 Delatra's gloves {ID++}
  3728 | D:4      | Became a worshipper of Cheibriados the Contemplative
  3761 | D:5      | Entered Level 5 of the Dungeon
  3764 | D:5      | Noticed an orc warrior
  3777 | D:4      | Reached skill level 7 in Ranged Weapons
  3922 | D:5      | Found a staircase to the Ecumenical Temple.
  3966 | D:5      | Reached XP level 7. HP: 43/52 MP: 7/7
  4013 | D:5      | Reached skill level 8 in Ranged Weapons
  4040 | D:5      | Reached * piety under Cheibriados
  4055 | D:5      | HP: 2/52 [iguana (5)]
  4244 | D:5      | Reached skill level 9 in Ranged Weapons
  4269 | D:5      | Killed by an exploding butterfly... ignited by their inner
                  | flame

Illustrated notes

Levels and vault maps discovered:
D:1:      dpeg_arrival_brainrot, layout_basic,
          shapermc_ecumenical_altar_acropolis, st_stairs_14
D:2:      minmay_thinvault, layout_basic, basic_altar
D:3:      layout_basic, grunt_dithmenos_smoke_and_mirrors, vehumet_statue,
          old_standard_altar, tgw_kikubaaqudgha, serial_shops, shop,
          uniq_natasha
D:4:      layout_loops_corners, mainiacjoe_overflow_boulevard
D:5:      minmay_general_purpose_star, layout_rooms, okawaru_gym_becter,
          minmay_temple_entry_grid

Skill      XL: |  1  2  3  4  5  6  7 |
---------------+----------------------+-----
Stealth        | 1 |  1.6
Fighting       | 3 |  3.0
Ranged Weapons | 5 6 7 9 |  9.1
Dodging        | |  2.7

Action                     |  1- 3 |  4- 6 |  7- 9 || total
---------------------------+-------+-------+-------++-------
   Fire: Shortbow          |   131 |   279 |    32 ||   442
         Orcbow            |       |       |    52 ||    52
Ability: Hop               |       |       |     1 ||     1
    Use: Scroll            |     3 |     4 |     3 ||    10
         Potion            |       |       |     2 ||     2
 Armour: Leather armour    |    79 |    71 |    46 ||   196
  Dodge: Dodged            |    76 |   105 |    61 ||   242
